 Dungeon Crawl Stone Soup version 0.29.1-2-gbd0b4ee654 (webtiles) character file.

Game seed: 15461859718109953

88 try the Trooper (level 4, -11/37 HPs)
             Began as a Demonspawn Abyssal Knight on Nov 16, 2022.
             Was a Priest of Lugonu.
             Mangled by Crazy Yiuf
             ... wielding a +4 quarterstaff of chaos
              (20 damage)
             ... on level 2 of the Dungeon on Nov 17, 2022.
             The game lasted 00:22:31 (1819 turns).

try the Trooper (Demonspawn Abyssal Knight)         Turns: 1819, Time: 00:23:01

Health: -11/37     AC: 14    Str: 15    XL:     4   Next: 29%
Magic:  14/14      EV:  9    Int: 12    God:    Lugonu [***...]
Gold:   127        SH:  0    Dex: 15    Spells: 3/3 levels left

rFire   . . .      SeeInvis .   a - +1 mace (freeze)
rCold   . . .      Faith    .   (no shield)
rNeg    . . .      Spirit   .   f - +0 plate armour
rPois   .          Reflect  .   (no helmet)
rElec   .          Harm     .   (no cloak)
rCorr   .          Rampage  .   (no gloves)
Will    .....                   g - +2 pair of boots
Stlth   ..........              (no amulet)
HPRegen 0.12/turn               d - ring of magical power
MPRegen 0.14/turn               (no ring)

@: agile
A: thin skeletal structure 1, demonic magic 1
a: Renounce Religion, Depart the Abyss, Bend Space, Banish


You were on level 2 of the Dungeon.
You worshipped Lugonu.
Lugonu was most pleased with you.
You visited 1 branch of the dungeon, and saw 2 of its levels.
You visited the Abyss 1 time.

You collected 127 gold pieces.

Inventory:

Hand Weapons
 a - a +1 mace of freezing (weapon)
 h - a +0 hand axe
Armour
 b - a +1 leather armour
 e - a +0 leather armour
 f - a +0 plate armour (worn)
 g - a +2 pair of boots (worn)
Jewellery
 d - a ring of magical power (left hand)
Scrolls
 i - a scroll of brand weapon
Potions
 c - a potion of attraction
 j - a potion of lignification {unknown}


   Skills:
 + Level 3.8 Fighting
 + Level 3.0 Maces & Flails
 + Level 2.3 Armour
 + Level 1.1 Dodging
 + Level 0.1 Stealth
 + Level 2.5 Invocations


You had 3 spell levels left.
You didn't know any spells.
Your spell library was empty.

Dungeon Overview and Level Annotations

Branches:
Dungeon (2/15)

Altars:

Annotations:
D:2 Crazy Yiuf


Innate Abilities, Weirdness & Mutations

You have a somewhat thin skeletal structure. (Dex +2, Stealth+)
Spells you cast may paralyse adjacent enemies.


Message History

There is a stone staircase leading up here.
There is a stone staircase leading up here.
There is a stone staircase leading up here.
There are no items here.
HP restored.
j - a pink potion You now have 127 gold pieces (gained 24).
Items here: ( ) [ ÷.
There is an open door here.
Things that are here:
a +0 short sword; a kobold skeleton
There is a stone staircase leading up here.
There is a stone staircase leading up here.
You open the door.
There is an open door here.
There is an open door here.
There is an open door here.
Things that are here:
a +0 short sword; a kobold skeleton You see here a rat skeleton.
Found a runed translucent door.
Crazy Yiuf shouts!
You open the door.
Crazy Yiuf yells, "Fluff cower bush!"
You barely miss Crazy Yiuf.
Crazy Yiuf hits you with a +4 quarterstaff of chaos!
Crazy Yiuf freezes you.
You hit Crazy Yiuf but do no damage.
Crazy Yiuf hits you with a +4 quarterstaff of chaos!
You feel agile all of a sudden.
Crazy Yiuf cries, "Whippet!"
Crazy Yiuf misses you.
You hit Crazy Yiuf but do no damage. Crazy Yiuf barely misses you.
You sock Crazy Yiuf! You freeze Crazy Yiuf.
Crazy Yiuf is heavily wounded.
Crazy Yiuf hits you with a +4 quarterstaff of chaos!
* * * LOW HITPOINT WARNING * * *
You are electrocuted!!
Ouch! That really hurt!
You die...

## .# ##
##### ####
#)..# ####
...########
#...# #...
†.........#
... #.##
..........#
#g# #.#.
#.........#
♣@♣♣ #.#.
#.........#
♣♣.♣ #.#.
'.........#
♣.♣♣ #.#.
#.........#
♣♣.♣ #.#.
###########
♣♣.♣♣ #.#.
..........#
♣♣...♣ #.#.
####......#
♣.P..♣
#####.#.
#>...).#
#....#
#.....#.
#÷.....#
##....##
#.###...


You could see Crazy Yiuf.

Vanquished Creatures
  Jessica (D:2)
  An adder (D:2)
  A worm (D:2)
  2 dart slugs (D:2)
  6 ball pythons
  2 endoplasms
  2 giant cockroaches (D:1)
  4 goblins (D:1)
  2 hobgoblins
  A quokka (D:2)
  7 bats
  3 frilled lizards
  9 kobolds
  7 rats
48 creatures vanquished.

Vanquished Creatures (others)
  A fungus (D:2)
1 creature vanquished.

Grand Total: 49 creatures vanquished

Notes
Turn   | Place    | Note
-------+----------+-------------------------------------------
     0 | Abyss:1  | try the Demonspawn Abyssal Knight began the quest for the
                  | Orb.
     0 | Abyss:1  | Reached XP level 1. HP: 18/18 MP: 2/2
     3 | D:1      | Escaped the Abyss
   152 | D:1      | Gained mutation: Spells you cast may paralyse adjacent
                  | enemies. [demonic ancestry]
   152 | D:1      | Reached XP level 2. HP: 16/24 MP: 3/3
   531 | D:1      | Reached skill level 1 in Dodging
   886 | D:2      | Gained mutation: You have a somewhat thin skeletal
                  | structure. (Dex +2, Stealth+) [demonic ancestry]
   886 | D:2      | Reached XP level 3. HP: 29/29 MP: 4/4
  1388 | D:2      | Noticed Jessica
  1415 | D:2      | Killed Jessica
  1416 | D:2      | Reached XP level 4. HP: 6/37 MP: 5/5
  1589 | D:2      | Reached *** piety under Lugonu
  1811 | D:2      | Found a runed translucent door.
  1812 | D:2      | Noticed Crazy Yiuf
  1819 | D:2      | Mangled by Crazy Yiuf

Illustrated notes

Levels and vault maps discovered:
D:1:      psy_arrival_statuary, layout_basic, minmay_three_crescents
D:2:      layout_basic, guppyfry_early_lair_pool, uniq_jessica,
          uniq_crazy_yiuf_cottage

Skill      XL: |  1  2  3  4 |
---------------+-------------+-----
Maces & Flails | 2 3 |  3.0
Armour         | 2 |  2.3
Dodging        | 1 |  1.1
Fighting       | |  3.8
Stealth        | |  0.1
Invocations    | |  2.5

Action                   |  1- 3 |  4- 6 || total
-------------------------+-------+-------++-------
Melee: Mace              |   115 |    23 ||   138
Invok: Depart the Abyss  |     1 |       ||     1
  Use: Scroll            |     7 |     1 ||     8
       Potion            |     2 |       ||     2
 Stab: Sleeping          |     1 |       ||     1
Armor: Leather armour    |    38 |       ||    38
       Plate armour      |    51 |    12 ||    63
Dodge: Dodged            |    75 |     9 ||    84
